[Event "Titled Tuesday Blitz May 30 Early 2023"]
[White "Golubev, Mikhail"]
[Black "Papadiamandis, Elliot"]
[WhiteFideId "14100983"]
[BlackFideId "36074160"]
[WhiteElo "2374"]
[BlackElo "2219"]
[Result "1/2-1/2"]
[Round "02"]
[TimeControl "180+2"]
[Date "2023.05.30"]
[WhiteClock "0:00:06"]
[BlackClock "0:00:07"]

1. e4 d5 2. exd5 Nf6 3. Nf3 Qxd5 4. d4 Bg4 5. Be2 Nc6 6. c4 Qh5 7. Be3 O-O-O 8. Nbd2 e6 9. a3 h6 10. h3 g5 11. b4 Kb8 12. b5 Ne7 13. O-O Nf5 14. hxg4 Nxg4 15. Nh4 Qxh4 16. Bxg4 Bd6 17. Bh3 Nxe3 18. fxe3 Qg3 19. Qf3 Qh2+ 20. Kf2 f5 21. Rh1 g4 22. Rxh2 gxf3 23. Rhh1 fxg2 24. Bxg2 e5 25. Nf3 e4 26. Nh4 Rhf8 27. Ke2 Rde8 28. Raf1 f4 29. exf4 Rxf4 30. c5 Rxf1 31. Rxf1 Be7 32. Ng6 c6 33. bxc6 bxc6 34. Nxe7 Rxe7 35. Rf4 e3 36. Re4 Rg7 37. Bf3 Kc7 38. Kxe3 Rg1 39. Rh4 Re1+ 40. Kf2 Ra1 41. Rxh6 Rxa3 42. Rxc6+ Kd7 43. Rd6+ Kc7 44. Be4 a5 45. Ke2 a4 46. Ra6 Kb8 47. Ra8+ Kc7 48. d5 Rc3 49. d6+ Kd7 50. Ra5 a3 51. Bd5 Rg3 52. Kd2 Rg5 53. Bc4 Kc6 54. Kc3 Rg3+ 55. Kb4 a2 56. Ra6+ Kb7 57. Rxa2 Rg1 58. Rb2 Kc8 59. Kb5 Kd7 60. Bd5 Rg5 61. Bc6+ Kc8 62. Re2 Rg8 63. Re8+ Rxe8 64. Bxe8 Kd8 65. c6 Kxe8 66. c7 Kd7 67. Kb6 Kc8 68. Kc6 1/2-1/2


[Site "https://www.chess.com"]

[Event "Titled Tuesday Blitz May 30 Early 2023"]
[White "Baskakov, Egor"]
[Black "Mortazavi, Ali"]
[WhiteFideId "24197866"]
[BlackFideId "401323"]
[WhiteElo "2225"]
[BlackElo "2339"]
[Result "1-0"]
[Round "02"]
[TimeControl "180+2"]
[Date "2023.05.30"]
[WhiteClock "0:00:49"]
[BlackClock "0:00:00"]

1. e4 c6 2. d4 d5 3. e5 Bf5 4. Ne2 e6 5. Ng3 Bg6 6. h4 h6 7. h5 Bh7 8. Bd3 Bxd3 9. cxd3 Qb6 10. Be3 c5 11. dxc5 Bxc5 12. d4 Bb4+ 13. Nc3 Bxc3+ 14. bxc3 Qa6 15. Qg4 Kf8 16. f4 Ne7 17. Kf2 Qd3 18. Rhf1 Nbc6 19. Rac1 Nf5 20. Nxf5 exf5 21. Qf3 Qe4 22. Qxe4 fxe4 23. c4 Rd8 24. cxd5 Rxd5 25. f5 Ke7 26. Rc4 Rhd8 27. Rb1 R8d7 28. Kg3 Ra5 29. Rb2 Ra3 30. Kf4 Rd3 31. Kxe4 Rd1 32. g4 a5 33. a3 Ra1 34. d5 Nd8 35. e6 fxe6 36. fxe6 Nxe6 37. dxe6 Kxe6 38. Rb6+ Kf7 39. Ra4 Re7+ 40. Kf3 Rf1+ 41. Bf2 Rc1 42. Rxa5 Rc3+ 43. Kg2 Rc2 44. Rf5+ Kg8 45. a4 Ra2 46. Rb4 Kh7 47. Rf3 Re5 48. Kg3 Rg5 49. Rb5 Rxa4 50. Rxg5 hxg5 51. Rb3 Kh6 52. Rb6+ Kh7 53. Rxb7 Ra3+ 54. Kg2 Ra4 55. Kf3 Ra3+ 56. Be3 Ra4 57. Bxg5 Ra3+ 58. Be3 Ra2 59. h6 Kh8 60. hxg7+ Kh7 61. Bd4 Rc2 62. Rb8 1-0


[Site "https://www.chess.com"]

[Event "Titled Tuesday Blitz May 30 Early 2023"]
[White "Bodnaruk, Anastasia"]
[Black "Atabayev, Yusup"]
[WhiteFideId "4181751"]
[BlackFideId "14001128"]
[WhiteElo "2304"]
[BlackElo "2473"]
[Result "1-0"]
[Round "02"]
[TimeControl "180+2"]
[Date "2023.05.30"]
[WhiteClock "0:00:17"]
[BlackClock "0:01:19"]

1. e4 c5 2. Nc3 Nc6 3. Bb5 e6 4. Bxc6 bxc6 5. f4 d5 6. e5 h5 7. Nf3 h4 8. O-O Nh6 9. d3 Nf5 10. Re1 Be7 11. Ng5 Ba6 12. Qf3 Kf8 13. Qf2 g6 14. Nd1 c4 15. d4 c5 16. c3 cxd4 17. cxd4 Qb6 18. Nf3 Kg7 19. Ne3 Nxe3 20. Bxe3 Rab8 21. Rab1 Qa5 22. Bd2 Qa4 23. Bc3 Rb6 24. a3 Rb3 25. Rbc1 Rh5 26. Nd2 Rb8 27. Re3 Qd7 28. g4 hxg3 29. hxg3 Rbh8 30. Qg2 Qa4 31. g4 Rh4 32. Nf3 Rh3 33. f5 Rh1+ 34. Qxh1 Rxh1+ 35. Kxh1 exf5 36. gxf5 gxf5 37. Rg1+ Kf8 38. e6 Bf6 39. Re2 Qc6 40. Bb4+ Ke8 41. Rg8# 1-0


[Site "https://www.chess.com"]

[Event "Titled Tuesday Blitz May 30 Early 2023"]
[White "Degenbaev, Aziz"]
[Black "Mendonca, Leon Luke"]
[WhiteFideId "13802640"]
[BlackFideId "35028561"]
[WhiteElo "2152"]
[BlackElo "2464"]
[Result "1-0"]
[Round "02"]
[TimeControl "180+2"]
[Date "2023.05.30"]
[WhiteClock "0:00:19"]
[BlackClock "0:00:04"]

1. e4 c6 2. d4 d5 3. e5 g6 4. Bf4 Bg7 5. Qd2 f6 6. h4 h5 7. Bd3 Kf7 8. Nf3 Nh6 9. Nc3 Bf5 10. O-O-O Bxd3 11. Qxd3 Ng4 12. e6+ Kg8 13. Qxg6 Rh7 14. Rhf1 Na6 15. Ng1 Qe8 16. Qxe8+ Rxe8 17. f3 Nh6 18. Nge2 Nf5 19. Rh1 Bh6 20. g4 hxg4 21. Rdg1 Bxf4+ 22. Nxf4 Nxd4 23. Rxg4+ Rg7 24. Rhg1 Rxg4 25. Rxg4+ Kh7 26. Nfxd5 Nxe6 27. Ne3 Nac5 28. Nf5 Nd7 29. Re4 Ndc5 30. Rg4 Nd7 31. Re4 Ndf8 32. Ne2 Kg6 33. Neg3 Kf7 34. Rg4 Rd8 35. h5 Ng5 36. f4 Ngh7 37. Rg7+ Ke6 38. Rxe7+ Kd5 39. Rxb7 Re8 40. Kd2 a6 41. b3 Kc5 42. c4 a5 43. Kd3 Ne6 44. Ne4# 1-0


[Site "https://www.chess.com"]

[Event "Titled Tuesday Blitz May 30 Early 2023"]
[White "Kravtsiv, Martyn"]
[Black "Belov, Alexei"]
[WhiteFideId "14113147"]
[BlackFideId "4128206"]
[WhiteElo "2695"]
[BlackElo "2547"]
[Result "1-0"]
[Round "02"]
[TimeControl "180+2"]
[Date "2023.05.30"]
[WhiteClock "0:00:14"]
[BlackClock "0:00:05"]

1. e4 e6 2. d4 d5 3. Nc3 Nf6 4. e5 Ne4 5. Nce2 f6 6. f3 Ng5 7. Bxg5 fxg5 8. Nh3 c5 9. Nc3 Nc6 10. Bb5 Bd7 11. Bxc6 bxc6 12. Qd2 h6 13. Ne2 cxd4 14. Nxd4 Be7 15. O-O c5 16. Ne2 O-O 17. c3 Rb8 18. f4 gxf4 19. Nexf4 Bg5 20. Rf2 Rf5 21. Re1 Qc7 22. Nxg5 Rxg5 23. h4 Rxe5 24. Ng6 Rxe1+ 25. Qxe1 Qd6 26. h5 e5 27. Qxe5 Qxe5 28. Nxe5 Be8 29. g4 Rb6 30. Kh2 Re6 31. Nd3 c4 32. Nf4 Re4 33. Kg3 d4 34. cxd4 Rxd4 35. Ne6 Bd7 36. Nxd4 1-0


[Site "https://www.chess.com"]

[Event "Titled Tuesday Blitz May 30 Early 2023"]
[White "Hambleton, Aman"]
[Black "Berezin, Viktor"]
[WhiteFideId "2606577"]
[BlackFideId "14107872"]
[WhiteElo "2511"]
[BlackElo "2310"]
[Result "1-0"]
[Round "02"]
[TimeControl "180+2"]
[Date "2023.05.30"]
[WhiteClock "0:00:04"]
[BlackClock "0:00:12"]

1. c4 Nf6 2. d4 g6 3. Nc3 Bg7 4. e4 d6 5. f3 O-O 6. Be3 b6 7. Bd3 Bb7 8. Nh3 c5 9. d5 e6 10. O-O exd5 11. exd5 a6 12. a4 Nbd7 13. Nf2 h6 14. Qd2 Kh7 15. f4 Re8 16. Rae1 Kg8 17. g3 b5 18. axb5 axb5 19. Nxb5 Nb6 20. b3 Ba6 21. Nc3 Bc8 22. Kg2 Ra3 23. Bc2 Bf5 24. Bxf5 gxf5 25. Qc2 Ne4 26. Ncxe4 fxe4 27. Bc1 Ra8 28. Nxe4 f5 29. Nd2 Qf6 30. Nf3 Nd7 31. Nh4 Qc3 32. Qxc3 Bxc3 33. Rxe8+ Rxe8 34. Nxf5 Nf6 35. Kf3 Ne4 36. Nxh6+ Kg7 37. Nf5+ Kf6 38. g4 Bd2 39. h4 Bxc1 40. Rxc1 Nd2+ 41. Kg3 Ne4+ 42. Kg2 Rg8 43. Kf3 Nd2+ 44. Ke3 Nxb3 45. Rb1 Rxg4 46. Nxd6 Nd4 47. Ne4+ Kf5 48. Nd6+ Kf6 49. Rb6 Rg3+ 50. Ke4 Rg1 51. Nb5+ Kf7 52. Nxd4 Rf1 53. Nf3 Re1+ 54. Nxe1 Ke7 55. Nc2 Kd7 56. Ne3 1-0


[Site "https://www.chess.com"]

[Event "Titled Tuesday Blitz May 30 Early 2023"]
[White "hakanazeri2"]
[Black "Mischuk, Dmitry"]
[BlackFideId "14118734"]
[WhiteElo "2543"]
[BlackElo "2256"]
[Result "0-1"]
[Round "02"]
[TimeControl "180+2"]
[Date "2023.05.30"]
[WhiteClock "0:00:30"]
[BlackClock "0:01:47"]

1. e4 c5 2. Nf3 d6 3. d4 cxd4 4. Nxd4 Nf6 5. Nc3 g6 6. Be3 Nc6 7. f3 h5 8. Qd2 Nxd4 9. Bxd4 Bh6 10. Be3 Bxe3 11. Qxe3 Be6 12. O-O-O Qa5 13. Kb1 Rc8 14. Bb5+ Kf8 15. Be2 Kg7 16. a3 a6 17. f4 b5 18. f5 Bc4 19. fxg6 fxg6 20. e5 dxe5 21. Qxe5 Qc7 22. Qxc7 Rxc7 23. Rhe1 Bf7 24. Bf3 Rb8 25. Nd5 Bxd5 26. Bxd5 a5 27. Re3 Rd8 28. Bf3 Rxd1+ 29. Bxd1 b4 30. Bf3 Kf7 31. axb4 axb4 32. Rb3 Rc4 33. c3 bxc3 34. bxc3 Rc7 35. Kc2 g5 36. Rb7 Rc5 37. Kb3 g4 38. Be2 Ne4 39. Bc4+ Kf6 40. Kb4 Rxc4+ 0-1


[Site "https://www.chess.com"]

[Event "Titled Tuesday Blitz May 30 Early 2023"]
[White "Fier, Alexandr"]
[Black "Shvedova, Alexandra"]
[WhiteFideId "2107139"]
[BlackFideId "54154782"]
[WhiteElo "2610"]
[BlackElo "1973"]
[Result "1-0"]
[Round "02"]
[TimeControl "180+2"]
[Date "2023.05.30"]
[WhiteClock "0:02:31"]
[BlackClock "0:00:36"]

1. d4 Nf6 2. Bg5 Ne4 3. h4 c5 4. dxc5 Qa5+ 5. Nd2 Nxg5 6. hxg5 Qxc5 7. g6 fxg6 8. e3 Nc6 9. Bd3 Ne5 10. Ngf3 Nxd3+ 11. cxd3 d6 12. Rc1 Qa5 13. Qb3 Qb6 14. Qc4 Bd7 15. Ng5 e6 16. Qf4 Rc8 17. Rxc8+ Bxc8 18. Rxh7 Rxh7 19. Qf7+ Kd8 20. Qxf8+ Kc7 21. Nxh7 Qxb2 22. Qe7+ Kb8 23. Qxd6+ Ka8 24. Qc7 1-0


[Site "https://www.chess.com"]

[Event "Titled Tuesday Blitz May 30 Early 2023"]
[White "Zochowski, Kacper"]
[Black "Kukhmazov, Arsen"]
[WhiteFideId "1125494"]
[BlackFideId "24108260"]
[WhiteElo "2235"]
[BlackElo "2396"]
[Result "0-1"]
[Round "02"]
[TimeControl "180+2"]
[Date "2023.05.30"]
[WhiteClock "0:00:00"]
[BlackClock "0:01:54"]

1. d4 d5 2. c4 c6 3. Nc3 Nf6 4. Nf3 dxc4 5. a4 Bf5 6. Ne5 Nbd7 7. Nxc4 Qc7 8. g3 e5 9. dxe5 Nxe5 10. Bf4 Nfd7 11. Nxe5 Nxe5 12. Bg2 f6 13. O-O Bb4 14. Rc1 Qe7 15. Qb3 Be6 16. Qc2 O-O 17. Rfd1 Qf7 18. Qe4 a5 19. Be3 Nc4 20. Rb1 Rfe8 21. Bf4 Nxb2 22. Rxb2 Bxc3 23. Rxb7 Qxb7 24. Qxc6 Qxc6 25. Bxc6 Red8 26. Rc1 Bb2 27. Rc2 Rac8 28. Rxb2 Rxc6 0-1


[Site "https://www.chess.com"]

[Event "Titled Tuesday Blitz May 30 Early 2023"]
[White "Gorovets, Andrey"]
[Black "Lehtosaari, Mauri"]
[WhiteFideId "13504037"]
[BlackFideId "501999"]
[WhiteElo "2459"]
[BlackElo "2541"]
[Result "1-0"]
[Round "02"]
[TimeControl "180+2"]
[Date "2023.05.30"]
[WhiteClock "0:00:04"]
[BlackClock "0:00:00"]

1. Nf3 d5 2. g3 Nf6 3. Bg2 c6 4. c4 Bf5 5. Qb3 Qb6 6. d3 e6 7. Be3 Qxb3 8. axb3 a6 9. Nh4 Bg6 10. Nxg6 hxg6 11. Nc3 Nbd7 12. d4 Bb4 13. Bd2 O-O 14. O-O Bd6 15. e3 Rfe8 16. c5 Bc7 17. f4 Nh7 18. g4 g5 19. b4 gxf4 20. exf4 Nhf8 21. h4 f6 22. Rae1 Rab8 23. Re2 e5 24. dxe5 fxe5 25. f5 e4 26. g5 Ne5 27. Nxe4 dxe4 28. Rxe4 Nd3 29. Bc3 Rxe4 30. Bxe4 Rd8 31. Rd1 Nf4 32. Rxd8 Bxd8 33. Be5 Ne2+ 34. Kf2 Nc1 35. Bc2 Kf7 36. Bc3 Ke8 37. Bd2 Na2 38. Bb3 Nxb4 39. Bxb4 Nd7 40. Bc3 Kf8 41. Bd4 Be7 42. Ke3 Nxc5 43. Bc2 Nd7 44. Kf4 c5 45. Bc3 b5 46. b3 c4 47. bxc4 bxc4 48. Be4 Nc5 49. Bd5 Nd3+ 50. Ke4 Nf2+ 51. Ke5 Ng4+ 52. Ke6 Ne3 53. Be4 Ng4 54. Bxg7+ Ke8 55. f6 Bxf6 56. gxf6 Nxf6 57. Bxf6 1-0


[Site "https://www.chess.com"]

[Event "Titled Tuesday Blitz May 30 Early 2023"]
[White "Fernandez Guillen, Ernesto J."]
[Black "robertoalejandro10"]
[WhiteFideId "3512428"]
[WhiteElo "2429"]
[BlackElo "2541"]
[Result "1-0"]
[Round "02"]
[TimeControl "180+2"]
[Date "2023.05.30"]
[WhiteClock "0:00:30"]
[BlackClock "0:00:00"]

1. e4 c5 2. Nf3 g6 3. d4 cxd4 4. Nxd4 Bg7 5. Nc3 Nc6 6. Be3 Nf6 7. Bc4 O-O 8. Bb3 a5 9. a4 Ng4 10. Qxg4 Nxd4 11. Qd1 Nxb3 12. cxb3 d6 13. h4 h5 14. Rc1 Be6 15. O-O Rc8 16. f4 Bg4 17. Qd2 e6 18. Nb5 Qxh4 19. Rxc8 Rxc8 20. Nxd6 Rd8 21. e5 Bf8 22. Bf2 Qe7 23. Qxa5 g5 24. Ne4 gxf4 25. Bc5 Qh4 26. Bf2 Qe7 27. Nf6+ Kh8 28. b4 Rc8 29. Bc5 Qd8 30. Qxd8 Rxd8 31. Bxf8 Rxf8 32. Rxf4 Bf5 33. Nxh5 Rc8 34. Ng3 Bg6 35. b5 Rc1+ 36. Kh2 Rb1 37. Rb4 Re1 38. a5 Ra1 39. a6 b6 40. Rd4 Kg7 41. Rd6 Bd3 42. Rxd3 1-0


[Site "https://www.chess.com"]

[Event "Titled Tuesday Blitz May 30 Early 2023"]
[White "ATM622"]
[Black "Papasimakopoulos, Alexandros"]
[BlackFideId "4244125"]
[WhiteElo "2540"]
[BlackElo "2359"]
[Result "1/2-1/2"]
[Round "02"]
[TimeControl "180+2"]
[Date "2023.05.30"]
[WhiteClock "0:01:37"]
[BlackClock "0:00:21"]

1. d4 e6 2. c4 Nf6 3. g3 Bb4+ 4. Nd2 c5 5. e3 cxd4 6. exd4 O-O 7. Bg2 d5 8. Nf3 dxc4 9. Qc2 Bd7 10. Qxc4 Bxd2+ 11. Bxd2 Bc6 12. O-O Nbd7 13. Rac1 Rc8 14. h4 Qb6 15. Qb4 Rfd8 16. Qxb6 Nxb6 17. Ba5 Kf8 18. Rfd1 Nfd7 19. Ne5 Bxg2 20. Nxd7+ Rxd7 21. Rxc8+ Nxc8 22. Kxg2 Ne7 23. Bb4 Ke8 24. Bxe7 Kxe7 25. Kf3 Rc7 26. Ke3 Rc2 27. Rd2 Rxd2 28. Kxd2 Kd6 29. Kd3 Kd5 30. g4 h6 31. f4 g6 32. g5 hxg5 33. hxg5 Kc6 34. Ke4 Kd6 35. Ke3 b6 36. b4 b5 37. a3 Kd5 38. Kd3 a6 39. Ke3 Kc4 40. Ke4 Kb3 41. Ke5 Kxa3 42. Kf6 Kxb4 43. Kxf7 a5 44. Kxg6 a4 45. Kf7 a3 46. g6 a2 47. g7 a1=Q 48. g8=Q Qxd4 49. Qg5 Qe4 50. Qe5 Qxe5 51. fxe5 Kc5 52. Kxe6 b4 53. Kd7 b3 54. e6 b2 55. e7 b1=Q 56. e8=Q Qf5+ 57. Qe6 Qd5+ 58. Qxd5+ Kxd5 1/2-1/2


[Site "https://www.chess.com"]

[Event "Titled Tuesday Blitz May 30 Early 2023"]
[White "Aggelis, Nikolaos"]
[Black "Kilic, Eray"]
[WhiteFideId "4213220"]
[BlackFideId "44517173"]
[WhiteElo "2189"]
[BlackElo "2328"]
[Result "0-1"]
[Round "02"]
[TimeControl "180+2"]
[Date "2023.05.30"]
[WhiteClock "0:00:05"]
[BlackClock "0:00:29"]

1. c4 e5 2. e3 Nf6 3. Nf3 Nc6 4. Nc3 Bb4 5. Nd5 Bd6 6. Be2 O-O 7. O-O e4 8. Ne1 Nxd5 9. cxd5 Ne5 10. d4 exd3 11. Nxd3 Nxd3 12. Qxd3 Qf6 13. Bd2 c6 14. Bc3 Qh6 15. g3 Be7 16. Bf3 c5 17. d6 Qxd6 18. Bd5 Qh6 19. Rad1 d6 20. Qe4 Be6 21. Bxb7 Rab8 22. Bd5 Rfe8 23. Qc4 Bf6 24. Bxe6 Rxe6 25. b3 Bxc3 26. Qxc3 Qh3 27. Rd2 h5 28. Qc4 Rb4 29. Qd5 Rbe4 30. Qg5 h4 31. Rd5 Rf6 32. Qh5 Rxe3 33. Qxh4 Qxh4 34. gxh4 Re4 35. Rfd1 Rg4+ 36. Kf1 Rxh4 37. Rxd6 Rxd6 38. Rxd6 Rxh2 39. Ra6 Rh1+ 40. Ke2 Ra1 41. Rxa7 g5 42. Ra5 Kg7 43. Rxc5 Rxa2+ 44. Kf3 Kg6 45. Kg3 Rb2 46. Rb5 f5 47. f3 f4+ 48. Kh3 Rf2 49. Rb8 Rxf3+ 50. Kg2 Rc3 51. b4 Rb3 52. b5 Kf5 53. b6 Kg4 54. b7 Rb2+ 55. Kg1 Kg3 56. Kf1 f3 0-1


[Site "https://www.chess.com"]

[Event "Titled Tuesday Blitz May 30 Early 2023"]
[White "Djordjevic, Vuk"]
[Black "Martic, Ivan"]
[WhiteFideId "902098"]
[BlackFideId "929301"]
[WhiteElo "2452"]
[BlackElo "2360"]
[Result "0-1"]
[Round "02"]
[TimeControl "180+2"]
[Date "2023.05.30"]
[WhiteClock "0:01:13"]
[BlackClock "0:01:56"]

1. d4 d5 2. Nf3 Nf6 3. c4 c6 4. Nc3 dxc4 5. a4 Bf5 6. Ne5 e6 7. Nxc4 Bb4 8. e3 O-O 9. Bd2 c5 10. dxc5 Na6 11. Be2 Nxc5 12. O-O Rc8 13. Nb5 Bxd2 14. Qxd2 a6 15. Nbd6 Nb3 16. Qd3 Bxd3 0-1


[Site "https://www.chess.com"]

[Event "Titled Tuesday Blitz May 30 Early 2023"]
[White "WindWhistler11"]
[Black "Panesar Vedant"]
[BlackFideId "35033018"]
[WhiteElo "2537"]
[BlackElo "2347"]
[Result "1-0"]
[Round "02"]
[TimeControl "180+2"]
[Date "2023.05.30"]
[WhiteClock "0:00:04"]
[BlackClock "0:00:02"]

1. Nf3 Nf6 2. c4 g6 3. Nc3 Bg7 4. g3 O-O 5. Bg2 d6 6. O-O e5 7. Rb1 Nc6 8. b4 Be6 9. b5 Ne7 10. d3 h6 11. Qc2 Qd7 12. Re1 Bh3 13. Bh1 Ng4 14. Nd2 c6 15. bxc6 bxc6 16. Nb3 f5 17. f3 Nf6 18. Nd1 f4 19. Nf2 Be6 20. e3 fxg3 21. hxg3 Nf5 22. Kh2 Qf7 23. e4 Ne7 24. Na5 Rab8 25. Ba3 c5 26. Nb7 Nc8 27. Nd8 Rxb1 28. Nxf7 Rxe1 29. Nxd6 Nxd6 30. Bxc5 Rd8 31. Bb4 Rxh1+ 32. Kxh1 Bf8 33. Qc3 Nd7 34. Qa3 Nb7 35. Bxf8 Rxf8 36. Qxa7 Nbc5 37. Kg2 Rb8 38. Qc7 Rb2 39. Qd8+ Kf7 40. Kf1 Rxa2 41. Qh8 h5 42. Qh7+ Kf6 43. Qh8+ Ke7 44. Qg7+ Bf7 45. f4 exf4 46. gxf4 Ne6 47. Qh6 Ndc5 48. f5 gxf5 49. exf5 Rxf2+ 50. Kxf2 Nxd3+ 51. Kg1 Nec5 52. Qc6 h4 53. Kh2 Bxc4 54. Kh3 Kf7 55. Qg6+ Ke7 56. Qg7+ Bf7 57. Qg5+ Ke8 58. Kxh4 Ne5 59. Qe3 Nd7 60. Kg3 Kf8 61. Qd4 Ke7 62. Qe4 Kf8 63. Kf4 Nc6 64. Qxc6 Ke7 65. Qc7 Ke8 66. Kg5 Ke7 67. Kh6 Bd5 68. Kg7 Ke8 69. f6 Nf8 70. Qe7# 1-0


[Site "https://www.chess.com"]

[Event "Titled Tuesday Blitz May 30 Early 2023"]
[White "Hasangatin, Ramil"]
[Black "Bagwe Gaurang"]
[WhiteFideId "4122160"]
[BlackFideId "45039895"]
[WhiteElo "2279"]
[BlackElo "1847"]
[Result "1-0"]
[Round "02"]
[TimeControl "180+2"]
[Date "2023.05.30"]
[WhiteClock "0:00:12"]
[BlackClock "0:00:00"]

1. e4 c5 2. Nf3 d6 3. d4 cxd4 4. Qxd4 Nc6 5. Bb5 Bd7 6. Bxc6 bxc6 7. c4 e5 8. Qd3 Be7 9. Nc3 Nf6 10. Bg5 Qc7 11. Rd1 Rd8 12. Bxf6 gxf6 13. Nh4 Rg8 14. O-O Rg5 15. b3 Bg4 16. f3 Be6 17. Kh1 h5 18. Rd2 Qd7 19. Rfd1 a5 20. Na4 f5 21. exf5 Bxf5 22. Nxf5 Qxf5 23. Qc3 h4 24. Re2 Kf8 25. Rde1 Bf6 26. Qe3 h3 27. g4 Qf4 28. Qxf4 exf4 29. Re4 Re5 30. Kg1 Rxe4 31. Rxe4 Re8 32. Kf2 d5 33. Rxe8+ Kxe8 34. cxd5 cxd5 35. a3 Kd7 36. b4 Kc6 37. bxa5 Kb5 38. Nb6 Be7 39. Nxd5 Bxa3 40. Ke2 Kxa5 41. Nxf4 Bd6 42. Nxh3 Kb5 43. Ng5 Bxh2 44. Nxf7 Kc6 45. Ng5 Kd7 46. Kd3 Bd6 47. Ke4 Ke7 48. f4 Kf6 49. Nf3 Bc7 50. Nd4 Bb8 51. Nf3 Bc7 52. Nh4 Bb8 53. g5+ Kf7 54. f5 Bd6 55. Kf3 Be7 56. Kg4 Bd8 57. Kh5 Be7 58. Ng6 Bd8 59. Ne5+ Kg7 60. Ng4 Kh7 61. f6 Bb6 62. g6+ Kg8 63. Nh6+ 1-0


[Site "https://www.chess.com"]

[Event "Titled Tuesday Blitz May 30 Early 2023"]
[White "Rengifo Blancas, Renzo Jhonathan"]
[Black "Kushko, Dmitriy"]
[WhiteFideId "3807185"]
[BlackFideId "14162261"]
[WhiteElo "2085"]
[BlackElo "2230"]
[Result "0-1"]
[Round "02"]
[TimeControl "180+2"]
[Date "2023.05.30"]
[WhiteClock "0:00:19"]
[BlackClock "0:00:27"]

1. e4 g6 2. d4 Bg7 3. c4 d6 4. Nc3 e5 5. Nf3 Bg4 6. dxe5 dxe5 7. Qb3 Bxf3 8. gxf3 Nc6 9. Qxb7 Nd4 10. Nd5 Rb8 11. Qxa7 Nc2+ 12. Ke2 Nxa1 13. Bg5 Rxb2+ 14. Ke1 Qxg5 15. Nxc7+ Kd8 16. Qa8+ Kxc7 17. Qa7+ Kd8 18. Qa8+ Kc7 19. Qa7+ Rb7 20. Qc5+ Kd8 21. Qf8+ Bxf8 0-1


[Site "https://www.chess.com"]

[Event "Titled Tuesday Blitz May 30 Early 2023"]
[White "Baches Garcia, Guillermo"]
[Black "Karthik Rajaa"]
[WhiteFideId "2209764"]
[BlackFideId "25035215"]
[WhiteElo "2536"]
[BlackElo "2215"]
[Result "0-1"]
[Round "02"]
[TimeControl "180+2"]
[Date "2023.05.30"]
[WhiteClock "0:00:00"]
[BlackClock "0:00:44"]

1. e4 Nf6 2. e5 Nd5 3. c4 Nb6 4. d4 d6 5. exd6 exd6 6. Nc3 Be7 7. Be2 O-O 8. h3 Re8 9. Nf3 Bf6 10. O-O Nc6 11. b3 Ne7 12. g4 Ng6 13. Be3 h6 14. Qd2 c6 15. Rad1 d5 16. c5 Nd7 17. b4 Ndf8 18. b5 Ne6 19. a4 Ng5 20. Nxg5 hxg5 21. Bd3 Nf8 22. Ne2 Ne6 23. Bb1 g6 24. f4 gxf4 25. Nxf4 Ng5 26. Rde1 Ne4 27. Qg2 Bh4 28. Rc1 Bd7 29. Rf3 Ng5 30. Rcf1 Nxf3+ 31. Qxf3 Qe7 32. Bd2 Qf6 33. Qd3 Qg7 34. Rf3 Bf6 35. Bc3 Re4 36. Qf1 Bxd4+ 37. Bxd4 Rxd4 38. bxc6 bxc6 39. g5 Re8 40. Ng2 Rd2 41. Ne3 Qd4 0-1


[Site "https://www.chess.com"]

[Event "Titled Tuesday Blitz May 30 Early 2023"]
[White "Sieciechowicz, Marcin"]
[Black "Chylewski, Patryk"]
[WhiteFideId "1130170"]
[BlackFideId "1186191"]
[WhiteElo "2302"]
[BlackElo "2163"]
[Result "1-0"]
[Round "02"]
[TimeControl "180+2"]
[Date "2023.05.30"]
[WhiteClock "0:01:24"]
[BlackClock "0:00:03"]

1. d4 Nf6 2. c4 e6 3. Nc3 Bb4 4. Qc2 O-O 5. Nf3 b6 6. e4 Bxc3+ 7. bxc3 d5 8. cxd5 exd5 9. e5 Ne4 10. Bd3 Bb7 11. O-O c5 12. a4 Nd7 13. a5 Rc8 14. axb6 axb6 15. Ra7 Bc6 16. Be3 cxd4 17. cxd4 Bb5 18. Qe2 Bxd3 19. Qxd3 Nb8 20. h3 Nc6 21. Ra3 Nb4 22. Qb1 Nc2 23. Rb3 Nxe3 24. Rxe3 Qc7 25. Rb3 Rb8 26. Qb2 Rfc8 27. Rb1 h6 28. Rxb6 Rxb6 29. Qxb6 Qxb6 30. Rxb6 Rc1+ 31. Kh2 Nxf2 32. Rb8+ Kh7 33. Rd8 Nd3 34. Rxd5 Nf4 35. Rd7 Kg6 36. Nh4+ Kg5 37. Rxf7 Nd5 38. Rf5+ Kxh4 39. g3# 1-0


[Site "https://www.chess.com"]

[Event "Titled Tuesday Blitz May 30 Early 2023"]
[White "Moral Garcia, Serafin"]
[Black "Herrera Reyes, Jose Antonio"]
[WhiteFideId "2201925"]
[BlackFideId "2274914"]
[WhiteElo "2274"]
[BlackElo "2272"]
[Result "0-1"]
[Round "02"]
[TimeControl "180+2"]
[Date "2023.05.30"]
[WhiteClock "0:00:18"]
[BlackClock "0:00:49"]

1. c4 Nf6 2. Nc3 g6 3. g3 Bg7 4. Bg2 d6 5. d3 h5 6. h4 Nc6 7. Rb1 O-O 8. b4 Ng4 9. Bd2 a6 10. Nf3 e5 11. a4 f5 12. Nd5 Be6 13. Ng5 Bd7 14. b5 axb5 15. axb5 Nd4 16. e3 Ne6 17. Nxe6 Bxe6 18. O-O Kh7 19. Ra1 Qd7 20. Qe2 Bxd5 21. Bxd5 c6 22. bxc6 bxc6 23. Bg2 d5 24. Bc3 Qe6 25. cxd5 cxd5 26. Qb2 Rab8 27. Qd2 Rfc8 28. Rfb1 Qd7 29. d4 e4 30. Bb4 Rb5 31. Bc5 Rcb8 32. Rxb5 Qxb5 33. Bf1 Qb2 34. Ra2 Qb1 35. Kg2 Rb3 36. Qc2 Qxc2 37. Rxc2 Rxe3 38. Ra2 Rd3 39. Ra7 Kh6 40. Bxd3 exd3 41. Ra3 g5 42. hxg5+ Kxg5 43. Be7+ Kg6 44. Rxd3 f4 45. gxf4 Kf5 46. Kf3 Nh2+ 47. Ke3 Ng4+ 48. Kd2 Nxf2 49. Rh3 Nxh3 50. Ke3 Nxf4 0-1


[Site "https://www.chess.com"]

[Event "Titled Tuesday Blitz May 30 Early 2023"]
[White "Jaskolka, Tomasz"]
[Black "Quintiliano Pinto, Renato R."]
[WhiteFideId "1170791"]
[BlackFideId "2117568"]
[WhiteElo "2155"]
[BlackElo "2459"]
[Result "0-1"]
[Round "02"]
[TimeControl "180+2"]
[Date "2023.05.30"]
[WhiteClock "0:01:12"]
[BlackClock "0:01:59"]

1. d4 Nf6 2. Nc3 d5 3. Bf4 e6 4. Nb5 Na6 5. Nf3 Be7 6. e3 O-O 7. a3 c5 8. dxc5 Bxc5 9. Bd3 Bd7 10. Ne5 Bxb5 11. Bxb5 Qa5+ 12. b4 Nxb4 13. O-O Qxb5 14. axb4 Bxb4 15. Nd3 Be7 16. Rb1 Qc6 17. Ne5 Qc8 18. Qd3 b6 19. Rfc1 Qb7 20. c4 dxc4 21. Rxc4 Rfd8 22. Qe2 Rac8 23. Bg5 Nd5 24. Bxe7 Nxe7 25. Rh4 Nf5 26. Rh3 Qe4 0-1


[Site "https://www.chess.com"]

[Event "Titled Tuesday Blitz May 30 Early 2023"]
[White "Halkias, Stelios"]
[Black "Sadovsky, Artem"]
[WhiteFideId "4201809"]
[BlackFideId "4155840"]
[WhiteElo "2451"]
[BlackElo "2314"]
[Result "1-0"]
[Round "02"]
[TimeControl "180+2"]
[Date "2023.05.30"]
[WhiteClock "0:00:40"]
[BlackClock "0:00:36"]

1. d4 g6 2. c4 Bg7 3. e4 d6 4. Nc3 e5 5. dxe5 dxe5 6. Qxd8+ Kxd8 7. f4 Nc6 8. Nf3 Nd4 9. Bd3 Nxf3+ 10. gxf3 c6 11. fxe5 Bxe5 12. Be3 Kc7 13. O-O-O Be6 14. f4 Bxc3 15. bxc3 Ne7 16. Bd4 Rhe8 17. Be5+ Kc8 18. Bd6 b6 19. c5 b5 20. Kc2 Kb7 21. a4 a6 22. Rb1 Nc8 23. e5 Bd5 24. Rhe1 Ka7 25. axb5 axb5 26. c4 Nxd6 27. cxd6 Bxc4 28. Bxc4 bxc4 29. Rb4 1-0


[Site "https://www.chess.com"]